 Dungeon Crawl Stone Soup version 0.30-a0-457-g4b7bca3bfa (webtiles) character file.

Game seed: 17181261063402177982

590 Jeffwins the Magician (level 7, 0/108 HPs)
             Began as a Human Wanderer on Dec 13, 2022.
             Was an Initiate of Vehumet.
             Succumbed to a scorpion's poison
             ... on level 5 of the Dungeon.
             The game lasted 00:06:31 (5411 turns).

Jeffwins the Magician (Human Wanderer)              Turns: 5411, Time: 00:06:31

Health: 0/108      AC: 23    Str: 10    XL:     7   Next: 66%
Magic:  6/16       EV:  2    Int: 17    God:    Vehumet [......]
Gold:   289        SH:  0    Dex: 12    Spells: 14/18 levels left

rFire   . . .      SeeInvis .    o - +0 trident
rCold   . . .      Faith    .    (no shield)
rNeg    . . .      Spirit   .    (body armour currently unavailable)
rPois   +          Reflect  .    (helmet currently unavailable)
rElec   .          Harm     .    (cloak currently unavailable)
rCorr   .          Rampage  .    (gloves currently unavailable)
Will    .....      NoTele   +    (boots currently unavailable)
Stlth   ..........               (no amulet)
HPRegen 0.38/turn                (no ring)
MPRegen 0.15/turn                (no ring)

@: berserking, lethally poisoned (0 -> -8), tree-form, very quick
A: stationary, stasis, torment immunity, boosted hp
a: Renounce Religion


You were on level 5 of the Dungeon.
You worshipped Vehumet.
Vehumet was noncommittal.
You were a tree.
You visited 2 branches of the dungeon, and saw 6 of its levels.

You collected 345 gold pieces.
You spent 56 gold pieces at shops.


   Skills:
 - Level 1.0 Fighting
 - Level 1.0 Stealth
 * Level 6.1 Spellcasting
 * Level 3.6 Conjurations
 * Level 3.6 Fire Magic
 * Level 4.0 Earth Magic
 + Level 0.4 Evocations


You had 14 spell levels left.
You knew the following spells:

 Your Spells              Type           Power      Damage    Failure   Level
w - Stone Arrow           Conj/Erth      36%        3d9       8%          3
z - Foxfire               Conj/Fire      68%        2x1d7     2%          1

Your spell library contained the following spells:

 Spells                   Type           Power      Damage    Failure   Level
 Magic Dart               Conj           68%        1d6       2%          1
 Sandblast                Erth           36%        2d10      2%          1
 Beastly Appendage        Tmut           10%        N/A       13%         1
 Summon Small Mammal      Summ           20%        N/A       13%         1
 Cigotuvi's Dreadful Rot  Necr/Pois/Air  10%        N/A       19%         2
 Call Canine Familiar     Summ           5%         N/A       36%         3
 Portal Projectile        Hex/Tloc       10%        N/A       36%         3
 Summon Guardian Golem    Hex/Summ       5%         N/A       36%         3
 Leda's Liquefaction      Hex/Erth       6%         N/A       50%         4

Inventory:

Hand Weapons
 a - a +0 dagger
 o - a +0 trident (weapon)
Missiles
 j - 15 poisoned darts (quivered)
 m - 5 silver javelins
Armour
 c - a +0 robe (melded)
 d - a +0 cloak (melded)
Wands
 t - a wand of roots (5)
 x - a wand of acid (7)
Scrolls
 b - a scroll of fear
 e - a scroll of torment {!r}
 f - a scroll of teleportation {@r4}
 l - 2 scrolls of immolation {!r}
 n - 3 scrolls of enchant weapon
 q - a scroll of amnesia
 r - 2 scrolls of vulnerability {!r}
 s - a scroll of silence {!r}
Potions
 g - a potion of magic {unknown}
 h - a potion of degeneration {unknown}
 i - a potion of berserk rage {!q}
 k - 2 potions of brilliance {unknown}
 p - a potion of flight {unknown}
 u - a potion of lignification {!q}
 v - a potion of mutation {unknown}
 w - a potion of cancellation {unknown}

Dungeon Overview and Level Annotations

Branches:
Dungeon (5/15)             Temple (1/1) D:5

Altars:
Ashenzari
Elyvilon
Hepliaklqana
Kikubaaqudgha
Makhleb
Nemelex Xobeh
Okawaru
Qazlal
Ru
Sif Muna
Trog
Uskayaw
Vehumet
Yredelemnul
Zin
The Shining One

Shops:
D:1 ?   D:2 *

Annotations:
D:3 3 runed translucent doors, lotum's ghost, amateur HOFi

###...####.####...#)..#
#.........#####.##.## #
##.........#........#.#
#..###.##..............
##.##...##.......>.....
##.###. ##.............
###..# # ..#.............
.##..## .................
......##...:....♣........
.#..####.......h.s.......
....####.##..............
#...#.##. #...........##.
###..>.............)...#
..#..#...##.........#..#
.....##.##..........#...
...##................ ..
...##......♣


You could see a black bear and a scorpion.


Message History

* * * LOW HITPOINT WARNING * * *
The black bear claws you.
* * * LOW HITPOINT WARNING * * *
Your Earth Magic skill increases to level 4!
It was a potion of lignification.
You turn into a tree.
Your +0 cloak melds into your body.
Your +0 robe melds into your body.
Your roots penetrate the ground.
* * * LOW HITPOINT WARNING * * *
You feel very sick.
The foxfire hits the scorpion.
The scorpion is heavily wounded.
The foxfire hits the scorpion.
The scorpion is severely wounded.
The scorpion stings you but does no damage.
The black bear bites you.
* * * LOW HITPOINT WARNING * * *
The black bear claws you but does no damage. x2
It was a potion of berserk rage.
A red film seems to cover your vision as you go berserk!
You feel yourself moving faster!
You feel mighty!
* * * LOW HITPOINT WARNING * * *
You feel very sick. The scorpion stings you.
* * * LOW HITPOINT WARNING * * *
The black bear bites you but does no damage.
The black bear claws you but does no damage. x2
Unknown command.
You puncture the black bear!
The black bear is heavily wounded.
You die...

Skill      XL: |  1  2  3  4  5  6  7 |
---------------+----------------------+-----
Fire Magic     | 1 2 3 |  3.6
Conjurations   | 1 2 3 |  3.6
Earth Magic    | 3 4 |  4.0
Spellcasting   | 6 |  6.1
Fighting       | |  1.0
Stealth        | |  1.0
Evocations     | |  0.4

Action                   |  1- 3 |  4- 6 |  7- 9 || total
-------------------------+-------+-------+-------++-------
Melee: Dagger            |    14 |     2 |       ||    16
       Trident           |       |    23 |     7 ||    30
 Cast: Foxfire           |    95 |   142 |    39 ||   276
  Use: Scroll            |     1 |     6 |       ||     7
       Potion            |     1 |       |     2 ||     3
 Stab: Sleeping          |       |     1 |       ||     1
Armor: Robe              |    13 |    11 |     1 ||    25
       Skin              |       |       |     6 ||     6
Dodge: Dodged            |    35 |    30 |    13 ||    78

Levels and vault maps discovered:
D:1:      mrwooster_arrival_statue_3, layout_basic, serial_shops,
          nicolae_diamond_shop, chequers_ecumenical_altar_lobes
D:2:      layout_basic, serial_shops, nicolae_shop_crystal
D:3:      layout_basic, mainiacjoe_overflow_brackets,
          nicolae_ashenzari_skybound, biasface_ghost_orc_armoury
D:4:      layout_cave_pods, mainiacjoe_overflow_surrounded_room
D:5:      layout_cave_pools, minmay_temple_entry_glass, grunt_decor_arrowhead,
          minmay_stone_trees_medium
Temple:   compressed_dpeg_triangle_lava_temple

Notes
Turn   | Place    | Note
-------+----------+-------------------------------------------
     0 | D:1      | Jeffwins the Human Wanderer began the quest for the Orb.
     0 | D:1      | Jeffwins set off with the following items: a +0 dagger, a
                  | scroll of fear, a +0 robe, a +0 cloak; and the following
                  | spells available to memorise: Sandblast, Beastly Appendage,
                  | Foxfire, Magic Dart, Cigotuvi's Dreadful Rot, Stone Arrow.
     0 | D:1      | Reached XP level 1. HP: 15/15 MP: 6/6
     2 | D:1      | Learned a level 1 spell: Foxfire
   237 | D:1      | Reached XP level 2. HP: 21/21 MP: 1/8
   748 | D:1      | Found Xaupeh's Magic Scroll Emporium.
   752 | D:1      | Reached skill level 1 in Fire Magic
   790 | D:1      | Bought a scroll of identify for 28 gold pieces
   790 | D:1      | Bought a scroll of identify for 28 gold pieces
   823 | D:1      | Reached skill level 1 in Conjurations
  1031 | D:1      | Found a faded altar of an unknown god.
  1487 | D:2      | Reached XP level 3. HP: 26/26 MP: 3/9
  1491 | D:2      | Learned a level 3 spell: Stone Arrow
  1755 | D:2      | Found Gockuash's Assorted Antiques.
  2066 | D:2      | Reached XP level 4. HP: 32/32 MP: 7/11
  2840 | D:3      | Found a runed translucent gate.
  2841 | D:3      | Found a runed translucent gate.
  2841 | D:3      | Found a runed translucent gate.
  2845 | D:3      | Identified the +8 scale mail "Enoneaplou" {rElec Str+4
                  | Slay+2}
  2845 | D:3      | Noticed lotum's ghost (amateur HOFi)
  2905 | D:3      | Found a hide-covered altar of Uskayaw.
  2921 | D:3      | Reached skill level 2 in Fire Magic
  2922 | D:3      | Reached XP level 5. HP: 30/37 MP: 5/12
  2926 | D:3      | Reached skill level 2 in Conjurations
  3086 | D:3      | Found a broken altar of Ashenzari.
  3916 | D:4      | Reached skill level 3 in Earth Magic
  3916 | D:4      | Reached XP level 6. HP: 30/43 MP: 4/14
  4498 | D:4      | Found an iron altar of Okawaru.
  4715 | D:5      | Entered Level 5 of the Dungeon
  4728 | D:5      | Reached skill level 3 in Fire Magic
  4736 | D:5      | Reached skill level 3 in Conjurations
  4736 | D:5      | Reached XP level 7. HP: 29/48 MP: 1/15
  4765 | D:5      | Reached skill level 6 in Spellcasting
  4892 | D:5      | Found a staircase to the Ecumenical Temple.
  4902 | Temple   | Entered the Ecumenical Temple
  5051 | Temple   | Became a worshipper of Vehumet
  5409 | D:5      | Reached skill level 4 in Earth Magic
  5409 | D:5      | HP: 6/72 [poisoned by a scorpion]
  5410 | D:5      | HP: 2/108 [poisoned by a scorpion]
  5411 | D:5      | Succumbed to a scorpion's poison

Vanquished Creatures
  An ice beast (D:5)
  A phantom (D:5)
  A necrophage (D:5)
  3 hounds
  An orc priest (D:4)
  An iguana (D:5)
  2 orc wizards
  6 adders
  A shadow imp (D:5)
  A white imp (D:5)
  A worm (D:2)
  4 dart slugs
  16 orcs
  7 ball pythons
  8 endoplasms
  4 giant cockroaches
  2 hobgoblins
  3 jackals (D:3)
  6 quokkas
  3 bats (D:1)
  3 goblins
  3 kobolds
  4 rats
82 creatures vanquished.

Vanquished Creatures (others)
  491 foxfires
491 creatures vanquished.

Grand Total: 573 creatures vanquished

Table legend: (Time is in decaauts)
 A = Elapsed time spent in this place.
 B = Non-inter-level travel time spent in this place.
 C = Inter-level travel time spent in this place.
 D = Time resting spent in this place.
 E = Time spent auto-exploring this place.
 F = Levels seen in this place.
 G = Mean time per level.
                   A        B        C        D        E       F      G
               +--------+--------+--------+--------+--------+-----+--------+
         Total |   5418 |   5277 |    141 |     50 |   4584 |   6 |  903.0 |
       Dungeon |   5253 |   5137 |    116 |     50 |   4454 |   5 | 1050.6 |
        Temple |    165 |    140 |     25 |      0 |    130 |   1 |  165.0 |
               +--------+--------+--------+--------+--------+-----+--------+

Top non-repeatable levels by time:
     D:1: 1449 daAuts
     D:4: 1200 daAuts
     D:2: 1183 daAuts
     D:3: 887 daAuts
     D:5: 532 daAuts
  Temple: 165 daAuts

Table legend:
 A = Non-vault XP
 B = Vault XP
 C = Vault XP percentage of total XP
 D = Non-vault monster count
 E = Vault monster count
 F = Vault count percentage of total count
                 A         B        C        D         E       F
            +---------+---------+-------+---------+---------+-------
      Total |     843 |       0 |   0.0 |      82 |       0 |   0.0
            +---------+---------+-------+---------+---------+-------
        D:1 |      29 |       0 |   0.0 |      15 |       0 |   0.0
        D:2 |      71 |       0 |   0.0 |      21 |       0 |   0.0
        D:3 |      53 |       0 |   0.0 |      13 |       0 |   0.0
        D:4 |     184 |       0 |   0.0 |      20 |       0 |   0.0
        D:5 |     506 |       0 |   0.0 |      13 |       0 |   0.0
            +---------+---------+-------+---------+---------+-------
